 Dungeon Crawl Stone Soup version 0.21.1-1-g345015f (webtiles) character file.

60 Fortress the Insei (level 4, -8/28 HPs)
             Began as an Octopode Transmuter on June 17, 2018.
             Mangled by Natasha (9 damage)
             ... on level 2 of the Dungeon.
             The game lasted 00:05:42 (1259 turns).

Fortress the Insei (Octopode Transmuter)            Turns: 1259, Time: 00:05:43

Health: -8/28      AC:  1    Str: 10    XL:     4   Next: 6%
Magic:  6/7        EV: 13    Int: 15    God:
Gold:   117        SH:  0    Dex: 12    Spells: 6/7 levels left

rFire    . . .     SeeInvis .     - Unarmed
rCold    . . .     Gourm    .   (no shield)
rNeg     . . .     Faith    .   (helmet restricted)
rPois    .         Spirit   .   (no amulet)
rElec    .         Reflect  .   (no ring)
rCorr    .         Harm     .   (no ring)
MR       .....                  (no ring)
Stlth    +++.......             (no ring)
HPRegen  0.09/turn              (no ring)
MPRegen  0.10/turn              (no ring)
                                (no ring)
                                (no ring)

@: appendage
A: almost no armour, stealthy swim, amphibious, 8 rings, constrict 8, tentacle
spike 3, camouflage 1, gelatinous body 1
a: End Transformation


You were on level 2 of the Dungeon.
You were not hungry.
One of your tentacles had a temporary spike.
You visited 1 branch of the dungeon, and saw 3 of its levels.

You collected 117 gold pieces.

Inventory:

Missiles
 a - 56 arrows
 d - 118 stones (quivered)
 g - 25 sling bullets
Jewellery
 j - a +1 ring of evasion {unknown}
Scrolls
 m - a scroll of amnesia {unknown}
 n - a scroll of remove curse {unknown}
 o - a scroll of teleportation {unknown}
Potions
 e - a potion of heal wounds {unknown}
 f - a potion of curing {unknown}
 h - 2 potions of agility {unknown}
 k - a potion of magic {unknown}
 l - 2 potions of might {unknown}
Books
 b - a book of Changes

   Spells                             Type                      Level
   a - Beastly Appendage              Transmutation                1
   b - Sticks to Snakes               Transmutation                2
   c - Spider Form                    Transmutation/Poison         3
   d - Ice Form                       Ice/Transmutation            4
   e - Blade Hands                    Transmutation                5
Comestibles
 c - a ration
 i - 2 chunks of flesh


   Skills:
 - Level 1.0 Fighting
 + Level 2.2 Dodging
 + Level 1.0 Stealth
 + Level 4.1 Unarmed Combat
 - Level 2.0 Spellcasting
 * Level 2.7 Transmutations


You had 6 spell levels left.
You knew the following spells:

 Your Spells              Type           Power        Failure   Level  Hunger
a - Beastly Appendage     Tmut           #.....       7%          1    #......


Dungeon Overview and Level Annotations

Branches:
Dungeon (3/15)

Altars:

Annotations:
D:2 Natasha


Innate Abilities, Weirdness & Mutations

You cannot wear most types of armour.
You are very stealthy in the water. (Stealth+)
You are amphibious.
You can wear up to eight rings at the same time.
You can use your tentacles to constrict eight enemies at once.
Your skin changes colour to match your surroundings (Stealth+).
Your rubbery body absorbs attacks. (AC +1, EV +1)
One of your tentacles bears a large vicious spike.


Message History

o - a scroll labeled TOLOCS HIMEA You start resting.
Casting: Beastly Appendage
Confirm with . or Enter, or press ? or * to list all spells.
One of your tentacles grows a vicious spike.
Natasha hisses angrily.
Natasha stares at you and mumbles some strange words.
The magic dart hits you! Natasha misses you.
You barely miss Natasha. You grab Natasha.
You squeeze Natasha, but do no damage. You constrict Natasha.
Natasha claws you!
* * * LOW HITPOINT WARNING * * *
You tentacle-slap Natasha.
Natasha is moderately wounded.
You constrict Natasha. Natasha barely misses you.
You tentacle-slap Natasha.
You pierce Natasha.
Natasha is heavily wounded.
You constrict Natasha. Natasha claws you!
You die...

#.# #.#####.#
#####.####.......#
.....รท.##...####.#
#####..#.###.# #.#
#...## #.##.# #...#
#.##.# ##...##
#....# #.....#
#.###h# #
#.##.#...# #@#
#.##.##.##### #.#
#.......# #.#
..##.#### #.#
#.....# #!# ####..#
#.# #..##### #.#
#......# #.#
#.####.# ...


You could see Natasha.

Vanquished Creatures
  Natasha (D:2)
  An adder (D:2)
  A dart slug (D:1)
  A giant cockroach (D:2)
  4 goblins (D:1)
  A hobgoblin (D:1)
  4 jackals (D:2)
  3 kobolds (D:1)
  2 bats (D:1)
  4 frilled lizards (D:1)
  3 rats (D:1)
25 creatures vanquished.

Notes
Turn   | Place    | Note
-------+----------+-------------------------------------------
     0 | D:1      | Fortress the Octopode Transmuter began the quest for the Orb.
     0 | D:1      | Reached XP level 1. HP: 13/13 MP: 3/3
   287 | D:1      | Reached XP level 2. HP: 15/18 MP: 5/5
   801 | D:1      | Reached XP level 3. HP: 23/23 MP: 6/6
  1147 | D:2      | Noticed Natasha
  1151 | D:2      | Killed Natasha
  1151 | D:2      | Reached skill level 1 in Stealth
  1151 | D:2      | Reached skill level 4 in Unarmed Combat
  1151 | D:2      | Reached XP level 4. HP: 10/28 MP: 5/7
  1215 | D:2      | Noticed Natasha
  1257 | D:2      | HP: 1/28 [Natasha (9)]
  1259 | D:2      | Mangled by Natasha

Skill      XL: |  1  2  3 |
---------------+----------+-----
Stealth        | 1 |  1.0
Unarmed Combat | 4 |  4.1
Fighting       | |  1.0
Dodging        | |  2.2
Spellcasting   | |  2.0
Transmutations | |  2.7

Action                   |  1- 3 |  4- 6 || total
-------------------------+-------+-------++-------
Melee: Unarmed           |    44 |     3 ||    47
       Constrict         |    12 |     1 ||    13
       Tentacles         |     9 |     1 ||    10
       Kick              |     2 |     1 ||     3
       Punch             |     1 |       ||     1
Throw: Stone             |     4 |       ||     4
 Cast: Beastly Appendage |     2 |     2 ||     4
 Stab: Sleeping          |     2 |       ||     2
  Eat: Ration            |     1 |       ||     1
Armor: Skin              |     2 |       ||     2
Dodge: Dodged            |    31 |     2 ||    33
